 Dungeon Crawl Stone Soup version 0.29-a0-317-gd16b76e6b1 (webtiles) character file.

Game seed: 14711449096935290035

132046 Flugkiller the Spry (level 16, 0/74 (78) HPs)
             Began as a Felid Enchanter on Mar 31, 2022.
             Was a Follower of Uskayaw.
             Engulfed by a ghost crab's spectral mist (13 damage)
             ... on level 1 of the Swamp.
             The game lasted 01:56:34 (60605 turns).

Flugkiller the Spry (Felid Enchanter)              Turns: 60605, Time: 01:56:34

HP:   0/74 (78)     AC:  3    Str:  4    XL:     16   Next: 26%
MP:   26/31         EV: 35    Int: 25    God:    Uskayaw [*.....]
Gold: 1133          SH:  0    Dex: 26    Spells: 3/35 levels left
                                        Lives: 0   Deaths: 2

rFire   . . .      SeeInvis +     - Unarmed
rCold   + . .      Faith    .   (shield unavailable)
rNeg    . . .      Spirit   .   (body armour unavailable)
rPois   +          Reflect  .   (helmet unavailable)
rElec   .          Harm     .   (cloak unavailable)
rCorr   .          Rampage  .   (gloves unavailable)
Will    ++...                   (boots unavailable)
Stlth   +++++.....              Q - amulet of Entrepreneurial Spirit {RegenMP Dex+4}
HPRegen 0.22/turn               o - ring of poison resistance
MPRegen 0.62/turn               f - +6 ring of dexterity

@: about to teleport, drained, quick
A: very small, claws 1, fangs 3, see invisible, speed 1, shaggy fur 3, stealthy
paws, no weapons or thrown items, no armour, multi-lived
}: 1/15 runes: serpentine
a: Renounce Religion, Stomp


You were on level 1 of the Swamp.
You worshipped Uskayaw.
Uskayaw was noncommittal.
You visited 6 branches of the dungeon, and saw 30 of its levels.
You also visited: Ossuary, Gauntlet and Ice Cave.

You collected 3027 gold pieces.
You spent 1894 gold pieces at shops.

Inventory:

Jewellery
 a - a +6 ring of intelligence
   (You found it on level 14 of the Dungeon)
 f - a +6 ring of dexterity (right paw)
   (You found it on level 3 of the Dungeon)
 m - a ring of willpower
   (You found it on level 1 of the Dungeon)
 o - a ring of poison resistance (left paw)
   (You bought it in a shop on level 2 of the Orcish Mines)
 p - a ring of protection from fire
   (You found it on level 2 of the Lair of Beasts)
 B - an amulet of faith
   (You found it on level 7 of the Dungeon)
 H - a +6 ring of intelligence
   (You found it on level 2 of the Lair of Beasts)
 K - the ring "Xekiz" {Fly rF++ rC+ Str+3 Stlth-}
   (You found it on level 3 of the Lair of Beasts)

   [ring of flight]

   Str:       It affects your strength (+3).
   rF:        It greatly protects you from fire.
   rC:        It protects you from cold.
   Fly:       It grants you flight.
   Stlth:     It makes you less stealthy.
 L - the ring "Deatin" {rN+ Slay+3}
   (You acquired it on level 10 of the Dungeon)

   [ring of positive energy]

   Slay:      It affects your accuracy & damage with ranged weapons and melee
   (+3).
   rN:        It protects you from negative energy.
 M - a +4 ring of protection
   (You found it on level 3 of the Snake Pit)
 Q - the amulet of Entrepreneurial Spirit (around neck) {RegenMP Dex+4}
   (You found it on level 6 of the Lair of Beasts)

   [amulet of magic regeneration]

   It increases your rate of magic regeneration.
   Dex:       It affects your dexterity (+4).
Wands
 s - a wand of polymorph (16)
   (You took it off Ijyb on level 5 of the Dungeon)
 A - a wand of charming (22)
   (You found it on level 8 of the Dungeon)
 D - a wand of acid (25)
   (You found it on level 1 of the Lair of Beasts)
 R - a wand of iceblast (12)
   (You took it off Maurice on level 13 of the Dungeon)
 S - a wand of paralysis (4)
   (You found it on level 14 of the Dungeon)
Scrolls
 e - 2 scrolls of vulnerability
 j - 3 scrolls of fog
 r - 11 scrolls of identify
 t - 2 scrolls of teleportation
 y - a scroll of silence
 C - a scroll of torment
 E - 3 scrolls of immolation
 F - 3 scrolls of amnesia
 I - 2 scrolls of holy word
 N - a scroll of fear
 P - 4 scrolls of magic mapping
Potions
 b - 4 potions of mutation
 c - 5 potions of attraction
 d - 2 potions of might
 h - 6 potions of haste
 k - 6 potions of lignification
 n - 2 potions of resistance
 q - 7 potions of curing
 u - 7 potions of flight
 x - 2 potions of ambrosia
 G - 6 potions of cancellation
 T - 8 potions of brilliance
Miscellaneous
 g - a condenser vane
   (You found it on level 1 of the Lair of Beasts)
 l - a box of beasts
   (You found it on level 12 of the Dungeon)


   Skills:
 - Level 13.0 Fighting
 - Level 15.1 Dodging
 - Level 11.0 Stealth
 - Level 13.0 Unarmed Combat
 - Level 10.0 Spellcasting
 + Level 13.3 Conjurations
 - Level 14.6 Hexes
 - Level 14.0 Summonings
 - Level 6.0 Translocations
 - Level 1.0 Ice Magic
 - Level 5.0 Invocations
 - Level 3.0 Evocations


You had 3 spell levels left.
You knew the following spells:

 Your Spells              Type           Power      Damage    Failure   Level
a - Ensorcelled Hibernat  Hex/Ice        100%       N/A       1%          2
b - Iron Shot             Conj/Erth      22%        9d5       43%         6
c - Confusing Touch       Hex            72%        N/A       1%          3
d - Summon Mana Viper     Hex/Summ       71%        N/A       1%          5
e - Summon Forest         Summ/Tloc      29%        N/A       2%          5
f - Spellforged Servitor  Conj/Summ      34%        N/A       16%         7
g - Cause Fear            Hex            36%        N/A       1%          4

Your spell library contained the following spells:

 Spells                   Type           Power      Damage    Failure   Level
 Shock                    Conj/Air       100%       1d9       1%          1
 Blink                    Tloc           84%        N/A       1%          2
 Dazzling Flash           Conj/Hex       100%       N/A       1%          3
 Gell's Gravitas          Tloc           42%        N/A       1%          3
 Inner Flame              Hex/Fire       49%        N/A       1%          3
 Lesser Beckoning         Tloc           42%        N/A       1%          3
 Stone Arrow              Conj/Erth      90%        3d12      1%          3
 Summon Guardian Golem    Hex/Summ       71%        N/A       1%          3
 Teleport Other           Tloc           42%        N/A       1%          3
 Tukima's Dance           Hex            72%        N/A       1%          3
 Sting                    Tmut/Pois      48%        1d5       4%          1
 Poisonous Vapours        Pois/Air       24%        N/A       8%          2
 Sublimation of Blood     Necr           12%        N/A       8%          2
 Wereblood                Tmut           12%        N/A       8%          2
 Swiftness                Air            12%        N/A       14%         3
 Summon Cactus Giant      Summ           35%        N/A       2%          6
 Irradiate                Conj/Tmut      22%        3d20      9%          5
 Manifold Assault         Tloc           42%        N/A       12%         5
 Summon Hydra             Summ           35%        N/A       13%         7
 Orb of Destruction       Conj           34%        9d10      17%         7
 Airstrike                Air            6%         N/A       43%         4
 Animate Dead             Necr           6%         N/A       43%         4
 Olgreb's Toxic Radiance  Pois           12%        N/A       43%         4
 Petrify                  Tmut/Erth      12%        N/A       43%         4
 Dispersal                Tloc           21%        N/A       54%         6
 Discord                  Hex            36%        N/A       63%         8
 Blade Hands              Tmut           6%         N/A       80%         5
 Haunt                    Necr/Summ      23%        N/A       93%         7
 Infestation              Necr           6%         N/A       100%        8
 Lehudib's Crystal Spear  Conj/Erth      22%        10d6      100%        8
 Portal Projectile        Hex/Tloc       Unusable   N/A       N/A         3
 Animate Armour           Summ/Erth      Unusable   N/A       N/A         4
 Excruciating Wounds      Necr           Unusable   N/A       N/A         5

Dungeon Overview and Level Annotations

Branches:
Dungeon (15/15)            Temple (1/1) D:4            Lair (6/6) D:10
  Swamp (2/4) Lair:4        Snake (4/4) Lair:3        Slime (0/5) Lair:5
    Orc (2/2) D:11            Elf (0/3) Orc:2        Vaults (0/5) D:13
 Depths (0/4) D:15        Ossuary (visited)           IceCv (visited)
Gauntlet (visited)

Altars:
Cheibriados
Dithmenos
Elyvilon
Fedhas
Gozag
Makhleb
Nemelex Xobeh
Okawaru
Qazlal
Sif Muna
Trog
Uskayaw
Vehumet
Xom
Yredelemnul
Zin
The Shining One

Shops:
D:1 =   D:8 [   D:10 ?   D:11 (   Orc:2 **:=   Snake:1 (   Snake:3 (
Snake:4 *=:=[

Portals:
Trove: D:13 (give 16 potions of curing)

Annotations:
D:3 2 transporters, hemabe71's ghost, amateur HuAr
D:7 exclusions: swamp worm and 1 more exclusion
D:9 2 runed translucent doors, exclusion: orange crystal statue
D:15 shard shrike, watch out


Innate Abilities, Weirdness & Mutations

You have sharp claws.
You have razor-sharp teeth.
You have supernaturally acute eyesight. (SInv)
You cover ground quickly. (Speed+)
Your thick and shaggy fur keeps you warm. (AC +3, rC+)
Your paws help you pounce on unaware monsters.
You are incapable of wielding weapons or throwing items.
You cannot wear armour.
You gain extra lives every three experience levels.


Message History

Your mana viper bites the spriggan!
Your mana viper misses the spriggan.
The spriggan completely misses you.
Your mana viper bites the spriggan.
The spriggan barely misses you.
Your mana viper barely misses the spriggan.
The spriggan completely misses you. The spriggan completely misses you.
Your mana viper bites the spriggan.
The spriggan misses you.
Your mana viper bites the spriggan!
The spriggan barely misses your mana viper.
Your mana viper barely misses the spriggan.
The spriggan barely misses your mana viper.
Your mana viper closely misses the spriggan.
The spriggan hits your mana viper with a +0 spear!
Your mana viper bites the spriggan!
The spriggan dies!
You start resting.
Your mana viper disappears in a puff of smoke!
HP restored.
Things that are here:
a +0 spear; a spriggan skeleton
There is a staircase to the Swamp here.
As you read the scroll of teleportation, it crumbles to dust.
You feel strangely unstable.
You stop descending the stairs.
Your surroundings suddenly seem different.
Unknown command.
There is a staircase to the Swamp here.
As you read the scroll of teleportation, it crumbles to dust.
You feel strangely unstable.
You climb downwards.
Welcome back to the Swamp!
This branch is noisy: sounds don't travel as far here.
This branch contains the decaying rune of Zot.
There is a staircase back to the Lair, spattered with blood here.
Unknown command.
A swamp dragon comes into view.
Your surroundings suddenly seem different.
Splash!
You fall into the shallow water.
Moving in this stuff is going to be slow.
A swamp worm comes into view.
Found five items.
The swamp dragon moves out of view.
Found a scroll of teleportation.
The swamp worm fires a harpoon shot at you.
The harpoon shot hits you!
You are yanked forward by the harpoon shot.
Splash! 2 tyrant leeches come into view.
The swamp worm bites you!
Found a potion of lignification and 2 potions of brilliance.
Found a stone staircase leading down.
The swamp worm fires a harpoon shot at you.
The harpoon shot hits you!!
You are yanked forward by the harpoon shot.
Splash!
The swamp worm completely misses you.
Unknown command.
Unknown command.
Unknown command.
Casting: Summon Mana Viper (dangerous; 1% risk of failure)
Confirm with . or Enter, or press ? or * to list all spells.
The tyrant leech looks frightened!
The swamp worm looks frightened!
The tyrant leech looks frightened!
You enter the shallow water.
Moving in this stuff is going to be slow.
You see here a wand of acid (4).
Aiming: Paralyse
Press: ? - help, Shift-Dir - straight line, f - ghost crab
Aim: a ghost crab (wandering, hasn't noticed you, chance to affect: 38%)
Okay, then.
Casting: Cause Fear (safe; 1% risk of failure)
Confirm with . or Enter, or press ? or * to list all spells.
The spell is quite dangerous to miscast (16% risk of failure)!
Continue anyway?
You summon a servant imbued with your destructive magic!
The ghost crab breathes spectral mist at you.
The spectral mist engulfs you but does no damage.
Unknown command.
You are engulfed in spectral mist.
The ghost crab breathes spectral mist at you.
The spectral mist engulfs you but does no damage.
Unknown command.
Enter note: WHYYYYYYYYYYYYYYYYYYYYYYYYYYYYYYYYYYYYYYYYYYYYYYY Unknown command.
Okay, then.
As you read the scroll of teleportation, it crumbles to dust.
You feel strangely unstable.
You are engulfed in spectral mist.
* * * LOW HITPOINT WARNING * * *
Your spellforged servitor is engulfed in spectral mist.
Your spellforged servitor casts a spell at the ghost crab.
The iron shot hits the spectral snapping turtle!!
The ghost crab breathes spectral mist at you.
The spectral mist engulfs you but does no damage.
Unknown command.
You are engulfed in spectral mist.
* * * LOW HITPOINT WARNING * * *
Unknown command.
You feel better.
You are engulfed in spectral mist.
You die...

♣.≈≈≈...♣≈.≈≈.♣≈§
♣♣≈.(..≈≈........≈
♣♣..≈...≈≈.......D≈
♣.≈≈[.....≈....≈≈≈≈
♣?≈§○..≈..≈.≈≈.≈§≈≈
♣☼☼Z°°≈≈..........≈
♣○§○○○≈≈§.♣♣♣....≈.
♣♣♣.○○○○≈.≈♣♣...≈..
♣@§☼Z≈t≈.......≈.≈
♣♣○9≈.♣........≈.≈
♣○°°♣♣..≈)≈......>
♣..♣♣.≈..≈≈≈.≈≈(.≈
♣.≈≈...≈≈≈≈≈≈≈≈≈.§≈
♣.≈≈!.≈≈≈≈≈≈≈.≈≈...
♣.≈≈..!§≈≈≈≈≈≈≈≈.≈≈
♣♣.....≈≈≈≈≈≈≈≈≈..≈
♣♣.≈w≈≈≈≈≈≈...w≈≈≈


You could see a ghost crab (ally target), a spectral seven-headed hydra
(summoned), a spectral snapping turtle (summoned) and a friendly spellforged
servitor (summoned).

Vanquished Creatures
  Nikola (Snake:4)
  A thorn hunter (Swamp:1)
  A nagaraja (Snake:4)
  A reaper (IceCv)
  Azrael (D:15)
  Josephine (D:14)
  10 hydras
  A vault guard (D:13)
  4 boulder beetles (D:12)
  A salamander tyrant (Snake:4)
  2 naga warriors
  7 centaur warriors
  5 anacondas
  A jorogumo (shapeshifter) (D:13)
  5 two-headed ogres
  A death knight (D:15)
  4 death yaks (Lair:6)
  2 tengu warriors
  10 shock serpents
  Urug (D:13)
  4 naga sharpshooters
  A shadow wraith (D:13)
  A sea snake (Snake:1)
  5 salamander mystics
  3 skeletal warriors
  2 spark wasp zombies (D:15)
  A goliath frog (Lair:6)
  A bog body (Lair:4)
  A deep troll (Orc:2)
  A flayed ghost (D:15)
  A deep elf archer (D:12)
  4 deep elf pyromancers
  5 mana vipers
  A necromancer (D:15)
  An orc knight (D:11)
  3 manticores
  11 ugly things
  10 cyclopes
  11 salamanders
  A frost giant skeleton (D:15)
  Maurice (D:13)
  A frost giant zombie (D:15)
  13 elephants
  26 black mambas
  An ice statue (IceCv)
  4 guardian serpents
  4 naga magi
  6 gargoyles
  21 cane toads
  A torpor snail (Lair:6)
  6 rime drakes
  2 unseen horrors
  8 komodo dragons
  Psyche (D:11)
  2 freezing wraiths
  3 kobold demonologists
  A tengu conjurer (D:13)
  6 ice devils
  An efreet (D:14)
  3 tyrant leeches (Lair:6)
  6 trolls
  A polar bear (Lair:6)
  Grinder (D:6)
  A wolf spider simulacrum (D:14)
  2 hornets
  35 blink frogs
  11 slime creatures
  A dream sheep (Lair:5)
  A jumping spider (shapeshifter) (D:15)
  A centaur simulacrum (D:13)
  2 wyverns
  A vampire (D:12)
  Sigmund (D:2)
  7 spriggans (Lair:1)
  36 yaks
  4 fire elementals (D:15)
  8 wraiths
  7 basilisks
  A hog (shapeshifter) (D:13)
  A fire bat (shapeshifter) (D:13)
  13 vampire mosquitoes
  Edmund (D:5)
  2 swamp worms
  A steam dragon (D:8)
  14 nagas
  A warg (Orc:1)
  3 acid dragons
  2 hell hounds (D:14)
  24 water moccasins
  3 sky beasts
  16 orc warriors
  5 ice beasts
  7 black bears
  9 wolves
  8 ogres
  4 boggarts (Lair:6)
  18 centaurs
  4 elf zombies
  A phantom (D:6)
  5 kobold brigands
  12 bullfrogs
  4 scorpions
  2 gnoll sergeants
  10 wights
  An elephant simulacrum (IceCv)
  2 howler monkeys (D:11)
  2 electric eels (Snake:1)
  A centaur zombie (Ossuary)
  12 orc priests
  3 gnoll shamans
  A human zombie (D:8)
  A jelly (Snake:1)
  2 human skeletons (D:8)
  6 hounds
  Ijyb (D:5)
  2 iguanas
  13 orc wizards
  A spriggan simulacrum (IceCv)
  A wolf simulacrum (IceCv)
  2 mummies (Ossuary)
  Robin (D:2)
  26 gnolls
  6 adders
  A shadow imp (D:6)
  A white imp (D:6)
  2 ufetubi
  2 adder zombies (Ossuary)
  A dart slug (D:3)
  31 orcs
  4 ball pythons
  3 bats (D:1)
  3 endoplasms
  2 giant cockroaches
  14 goblins
  3 hobgoblins
  6 jackals
  4 quokkas
  4 frilled lizards
  2 goblin zombies (Ossuary)
  8 hobgoblin zombies (Ossuary)
  A jackal zombie (Ossuary)
  19 kobolds
  14 kobold zombies (Ossuary)
  An orc skeleton (D:8)
  6 orc zombies (Ossuary)
  4 rats
  A rat zombie (Ossuary)
757 creatures vanquished.

Vanquished Creatures (collateral kills)
  Jorgrun (Orc:2)
  Frances (D:11)
  3 nagarajas
  A stone giant (Orc:2)
  2 hydras
  8 naga warriors
  2 ogre magi (Orc:2)
  A death knight (D:13)
  6 salamander tyrants
  8 two-headed ogres
  An alligator (Swamp:1)
  A death yak (Lair:6)
  4 anacondas
  An orc high priest (Orc:1)
  14 naga sharpshooters
  2 shock serpents
  4 salamander mystics
  A deep troll (Orc:2)
  A goliath frog (Swamp:1)
  A swamp dragon (Swamp:2)
  A bog body (Swamp:1)
  2 naga ritualists (Snake:4)
  An orc sorcerer (Orc:1)
  A cyclops (Orc:2)
  A mana viper (Snake:1)
  17 salamanders
  A manticore (D:14)
  11 elephants
  3 guardian serpents
  13 naga magi
  An ice statue (IceCv)
  9 black mambas
  2 cane toads
  A komodo dragon (Lair:4)
  7 trolls (Orc:2)
  10 blink frogs
  6 dream sheep (Lair:5)
  3 spriggans
  A water elemental (D:14)
  10 yaks
  A basilisk (Lair:5)
  2 vampire mosquitoes
  2 swamp worms
  A water moccasin (Lair:6)
  25 nagas
  3 orc warriors
  A swamp drake (Swamp:1)
  A black bear (shapeshifter) (D:14)
  14 ogres
  12 wolves
  A gnoll sergeant (D:11)
  2 bullfrogs
  A cane toad simulacrum (IceCv)
  2 electric eels
  A jelly (Lair:6)
  6 orc priests
  6 orc wizards
  A troll simulacrum (IceCv)
  3 gnolls
  20 orcs
  5 briar patches (Swamp:1)
  4 bushes
278 creatures vanquished.

Vanquished Creatures (others)
  An ugly thing (D:12)
  A black mamba (Snake:4)
  A guardian serpent (Snake:4)
  A hornet (Swamp:1)
  A tyrant leech (Swamp:2)
  30 dancing weapons
  2 foxfires (Swamp:1)
  101 fungi
  206 plants
  14 snaplasher vines
  6 withered plants (D:15)
364 creatures vanquished.

Grand Total: 1399 creatures vanquished

Notes
Turn   | Place    | Note
-------+----------+-------------------------------------------
     0 | D:1      | Flugkiller the Felid Enchanter began the quest for the Orb.
     0 | D:1      | Reached XP level 1. HP: 7/7 MP: 4/4
   285 | D:1      | Reached skill level 1 in Fighting
   287 | D:1      | Reached XP level 2. HP: 9/12 MP: 6/6
   394 | D:1      | Learned a level 2 spell: Ensorcelled Hibernation
  1305 | D:1      | Found Qekeim's Jewellery Shoppe.
  1646 | D:2      | Noticed Robin
  1650 | D:2      | Reached XP level 3. HP: 13/16 MP: 7/7
  1710 | D:3      | Found a shadowy altar of Dithmenos.
  1761 | D:3      | Noticed a great orb of eyes
  1810 | D:3      | Noticed an ice beast
  1838 | D:3      | Found a transporter.
  1898 | D:2      | Killed Robin
  1902 | D:2      | Reached skill level 1 in Ice Magic
  2213 | D:2      | Reached skill level 3 in Dodging
  2359 | D:2      | Noticed Sigmund
  2673 | D:2      | Killed Sigmund
  2674 | D:2      | Reached skill level 4 in Dodging
  2674 | D:2      | Reached skill level 5 in Hexes
  2674 | D:2      | Reached XP level 4. HP: 10/19 MP: 5/8
  2674 | D:2      | Reached XP level 5. HP: 12/22 MP: 5/9
  2820 | D:2      | Learned a level 3 spell: Confusing Touch
  3597 | D:3      | Noticed an eye of devastation
  3599 | D:3      | Found a faded altar of an unknown god.
  3600 | D:3      | Noticed a floating eye
  3600 | D:3      | Noticed a shining eye
  3747 | D:3      | Found a transporter.
  3749 | D:3      | Noticed hemabe71's ghost (amateur HuAr)
  4024 | D:4      | Gained mutation: You are covered in thick fur. (AC +2)
                  | [Felid growth]
  4024 | D:4      | Reached XP level 6. HP: 26/26 MP: 8/11
  4376 | D:4      | Noticed a sky beast
  5073 | D:4      | Found a staircase to the Ecumenical Temple.
  5084 | Temple   | Entered the Ecumenical Temple
  5112 | Temple   | Became a worshipper of Uskayaw the Reveller
  5139 | D:4      | Reached * piety under Uskayaw
  5250 | D:4      | Reached ** piety under Uskayaw
  5259 | D:4      | Killed a sky beast
  5260 | D:4      | Reached skill level 5 in Dodging
  5260 | D:4      | Reached XP level 7. HP: 22/31 MP: 5/12
  5727 | D:5      | Entered Level 5 of the Dungeon
  5728 | D:5      | Noticed Ijyb
  6026 | D:5      | Noticed Edmund
  6062 | D:4      | Learned a level 3 spell: Tukima's Dance
  6236 | D:5      | Killed Edmund
  6237 | D:5      | Reached skill level 6 in Dodging
  6543 | D:5      | Killed Ijyb
  6850 | D:5      | Reached XP level 8. HP: 36/36 MP: 10/13
  6960 | D:5      | Reached *** piety under Uskayaw
  7239 | D:5      | Reached skill level 7 in Dodging
  7259 | D:5      | Reached skill level 5 in Unarmed Combat
  7288 | D:6      | Reached skill level 5 in Fighting
  7785 | D:6      | Noticed Grinder
  7815 | D:6      | Killed Grinder
  7816 | D:6      | Reached skill level 8 in Dodging
  8877 | D:7      | Reached XP level 9. HP: 41/41 MP: 14/14
  9097 | D:7      | Reached skill level 9 in Dodging
  9952 | D:8      | Found a sand-covered staircase.
  9962 | Ossuary  | Entered an ossuary
 10427 | D:8      | Reached skill level 10 in Dodging
 10822 | D:8      | Found Tamittua's Antique Armour Shop.
 11070 | D:8      | Reached XP level 10. HP: 48/48 MP: 11/15
 11641 | D:8      | Reached skill level 1 in Invocations
 11641 | D:8      | Reached skill level 1 in Evocations
 11670 | D:8      | Learned a level 5 spell: Summon Mana Viper
 11931 | D:9      | Found the +10 tower shield of Ignorance {rN+ Int-4}
 12228 | D:9      | Found a runed translucent door.
 12244 | D:9      | Reached skill level 1 in Summonings
 12303 | D:9      | Noticed a cyclops
 12307 | D:9      | Killed a cyclops
 12314 | D:9      | Found a runed translucent door.
 12500 | D:9      | Noticed an orange crystal statue
 12542 | D:9      | Noticed a two-headed ogre
 12548 | D:9      | Killed a two-headed ogre
 12564 | D:9      | Paralysed by a hornet for 3 turns
 12566 | D:9      | HP: 2/48 [hornet (6)]
 13141 | D:10     | Entered Level 10 of the Dungeon
 13830 | D:10     | Reached XP level 11. HP: 34/51 MP: 15/18
 13983 | D:10     | Found Niakituh's Magic Scroll Emporium.
 14478 | D:10     | Found a staircase to the Lair.
 14567 | D:10     | Bought a scroll of acquirement for 728 gold pieces
 14567 | D:10     | Acquired the ring "Deatin" {rN+ Slay+3}
 14597 | Lair:1   | Entered Level 1 of the Lair of Beasts
 14613 | Lair:1   | Reached skill level 5 in Spellcasting
 15243 | Lair:1   | Reached skill level 5 in Invocations
 15282 | Lair:1   | Reached skill level 5 in Summonings
 15299 | Lair:1   | Reached skill level 10 in Stealth
 15614 | Lair:1   | Reached skill level 10 in Hexes
 15844 | Lair:1   | Noticed a five-headed hydra
 15853 | Lair:1   | Killed a five-headed hydra
 16020 | Lair:1   | Gained mutation: Your thick and shaggy fur keeps you warm.
                  | (AC +3, rC+) [Felid growth]
 16020 | Lair:1   | Reached XP level 12. HP: 55/55 MP: 10/20
 16555 | Lair:2   | Found a gate leading to a gauntlet.
 16602 | Gauntlet | Entered a Gauntlet
 16602 | Gauntlet | Found a transporter.
 16602 | Gauntlet | Found a transporter.
 16602 | Gauntlet | Found a transporter.
 16612 | Gauntlet | Found a transporter.
 16615 | Gauntlet | Found a transporter.
 16623 | Gauntlet | Found a transporter.
 16624 | Gauntlet | Noticed a tengu warrior
 16626 | Gauntlet | Found a transporter.
 16633 | Gauntlet | Found a runed translucent door.
 16636 | Gauntlet | Found a transporter.
 16652 | Gauntlet | Found a transporter.
 16669 | Gauntlet | Found a transporter.
 16672 | Gauntlet | Found a transporter.
 16687 | Gauntlet | Found a transporter.
 16753 | Gauntlet | Noticed a quicksilver ooze
 16867 | Lair:2   | Noticed a four-headed hydra
 16874 | Lair:2   | Killed a four-headed hydra
 17233 | Lair:2   | Reached **** piety under Uskayaw
 17432 | Lair:3   | Found a staircase to the Snake Pit.
 17446 | Lair:3   | Reached ***** piety under Uskayaw
 18609 | Lair:3   | Noticed a seven-headed hydra
 18647 | Lair:3   | Killed a seven-headed hydra
 18809 | Lair:3   | Identified the ring "Xekiz" {Fly rF++ rC+ Str+3 Stlth-}
 18931 | Lair:3   | Learned a level 5 spell: Summon Forest
 18969 | Lair:4   | Reached skill level 1 in Translocations
 19176 | Lair:4   | Reached XP level 13. HP: 15/58 MP: 16/21
 19460 | Lair:4   | Found a glowing golden altar of the Shining One.
 19612 | Lair:4   | Reached skill level 11 in Dodging
 20967 | Lair:5   | Reached skill level 5 in Translocations
 21778 | Lair:5   | Reached skill level 12 in Dodging
 22464 | Lair:5   | Found a staircase to the Slime Pits.
 22717 | Lair:6   | Entered Level 6 of the Lair of Beasts
 23110 | Lair:6   | Found a frozen archway.
 23124 | IceCv    | Entered an ice cave
 23371 | IceCv    | Reached skill level 13 in Dodging
 24093 | IceCv    | Reached skill level 10 in Unarmed Combat
 24177 | IceCv    | Reached skill level 10 in Fighting
 24408 | IceCv    | Noticed a reaper
 24411 | IceCv    | Killed a reaper
 24412 | IceCv    | Reached XP level 14. HP: 66/66 MP: 22/22
 24750 | Lair:6   | Reached skill level 14 in Dodging
 26082 | Lair:6   | Reached skill level 15 in Dodging
 26102 | Lair:6   | Identified the amulet of Entrepreneurial Spirit {RegenMP
                  | Dex+4}
 26903 | D:11     | Noticed Psyche
 26922 | D:11     | Killed Psyche
 26947 | D:11     | Found Ochueh's Weapon Shoppe.
 27686 | D:11     | Found a staircase to the Orcish Mines.
 27998 | D:11     | Reached XP level 15. HP: 61/72 MP: 21/24
 28217 | D:12     | Noticed Frances
 28239 | D:11     | Killed Frances
 28240 | D:11     | Reached skill level 10 in Summonings
 28919 | D:12     | Identified the +1 halberd of Incongruity {venom, rN++}
 30255 | D:13     | Noticed Maurice
 30262 | D:13     | Killed Maurice
 30555 | D:13     | Noticed Urug
 30560 | D:13     | Killed Urug
 31644 | D:13     | Found a gate to the Vaults.
 31900 | D:13     | Found a portal to a secret trove of treasure.
 33258 | D:14     | Acquired a book of Hexes
 33616 | D:14     | Noticed Josephine
 34288 | D:14     | Killed Josephine
 34640 | D:15     | Entered Level 15 of the Dungeon
 35642 | D:15     | Noticed Azrael
 35657 | D:15     | HP: 3/72 [Azrael/+4 scimitar of flaming (9)]
 36096 | D:15     | Reached XP level 16. HP: 26/76 MP: 29/29
 36113 | D:15     | HP: 2/76 [spark wasp zombie (22)]
 36837 | D:15     | Found a staircase to the Depths.
 37143 | D:15     | Killed Azrael
 37342 | D:15     | Found a hide-covered altar of Uskayaw.
 37342 | D:15     | Noticed a shard shrike
 37495 | Orc:1    | Entered Level 1 of the Orcish Mines
 37702 | Orc:1    | Found a bloodstained altar of Trog.
 38009 | Orc:2    | Entered Level 2 of the Orcish Mines
 38016 | Orc:2    | Noticed Jorgrun
 38256 | Orc:2    | Killed Jorgrun
 38443 | Orc:2    | Learned a level 7 spell: Spellforged Servitor
 38483 | Orc:2    | Learned a level 4 spell: Cause Fear
 38589 | Orc:2    | Found a staircase to the Elven Halls.
 38596 | Orc:2    | Found Qogi's Assorted Antiques.
 38720 | Orc:2    | Found Fesovit's General Store.
 39035 | Orc:2    | Reached skill level 1 in Conjurations
 39539 | Orc:2    | Found Juciompu's Book Boutique.
 39594 | Orc:2    | Found Udousu's Jewellery Shoppe.
 40047 | Orc:2    | Bought a potion of heal wounds for 130 gold pieces
 40047 | Orc:2    | Bought a potion of curing for 78 gold pieces
 40047 | Orc:2    | Bought a scroll of teleportation for 78 gold pieces
 40185 | Snake:1  | Entered Level 1 of the Snake Pit
 40793 | Snake:1  | Reached skill level 5 in Conjurations
 41185 | Snake:1  | Found Xuhut's Antique Weapon Boutique.
 45521 | Snake:3  | Reached XP level 17. HP: 57/81 MP: 27/30
 46199 | Snake:3  | Found Kerphask's Antique Weapon Boutique.
 47135 | Snake:3  | Reached skill level 10 in Conjurations
 50635 | Snake:4  | Entered Level 4 of the Snake Pit
 52133 | Snake:4  | Shot with a bolt by a naga sharpshooter
 52134 | Snake:4  | Reached XP level 16. HP: -4/78 MP: 25/29
 52153 | Snake:4  | finally punished for it
 52263 | Snake:4  | Found Aluhaph's Antique Armour Shoppe.
 52282 | Snake:4  | HP: 2/78 [shock serpent/bolt of electricity (26)]
 52576 | Snake:4  | Found Pabeck's Jewellery Shoppe.
 52576 | Snake:4  | Found Nuqorangoss's Book Shop.
 52577 | Snake:4  | Found Sibbemec's Jewellery Shoppe.
 52690 | Snake:4  | HP: 3/78 [poisoned by a salamander]
 53833 | Snake:4  | great enemy
 54973 | Snake:4  | Noticed Nikola
 54989 | Snake:4  | Killed Nikola
 55375 | Snake:4  | Identified the +1 plate armour "Zuajamikk" {+Blink rCorr
                  | Dex+2 Slay-2}
 56229 | Snake:4  | Killed from afar by a salamander mystic
 56230 | Snake:4  | Reached XP level 15. HP: -5/73 MP: 29/29
 56366 | Snake:4  | Identified the +3 scale mail of Gih Widuvva {Fly Dex+3}
 56497 | Snake:4  | Found Kithad's Overcharged Wands.
 56838 | Snake:4  | Reached XP level 16. HP: 69/78 MP: 23/30
 57724 | Snake:4  | Bought a wand of acid (18) for 660 gold pieces
 58137 | Snake:4  | Got a serpentine rune of Zot
 58369 | Lair:4   | Found a staircase to the Swamp.
 58742 | Swamp:1  | Entered Level 1 of the Swamp
 58742 | Swamp:1  | Noticed a thorn hunter
 59321 | Orc:2    | Bought a ring of poison resistance for 220 gold pieces
 59740 | Swamp:1  | Learned a level 6 spell: Iron Shot
 59837 | Swamp:1  | Killed a thorn hunter
 59838 | Swamp:1  | Reached skill level 10 in Spellcasting
 60174 | Swamp:1  | HP: 2/74 [ghost crab] (11)]
 60603 | Swamp:1  | WHYYYYYYYYYYYYYYYYYYYYYYYYYYYYYYYYYYYYYYYYYYYYYYY
 60605 | Swamp:1  | Engulfed by a ghost crab's spectral mist

Illustrated notes #♣..♣..<..♣†.## #♣...†N....## .# ♣♣...♣...#♣.# .# ##.....♣♣ .. .# ## ♣#♣[##♣ #.#.# .. ##.).## #...##.# #..♣..# ..... #♣.<.♣# #..# #.....#####@.# ##.♣.##......# ##########.###### #................. #.........######## #.........# #.........# ##.........# ...........# Turn 52153 on Snake:4: finally punished for it

##.....♣♣#..#.###### #.# #..
♣#♣[##♣ ##.#.##.N.# #.# #.#
##.).#####...##.#.# #.# #8#
#..♣..#.........#.# #.# #.####
#♣.<.♣#####..####.# #.# #<....
#.....#####..# #.###.# #..♣.^
##.♣.##......# #...#.♣ #∩....
########.#########.#.#.#####.....
......)..).....÷@....).....♣8....
......[.##########N#.#.###....♣..
......).# ##.......#.# ♣...N...
........# #...).####.# #....R..
...)....# ##'''## #.# ♣)##÷...
....)...# #....§ #.# #.##....
......=.# #...§§§.S #.# ♣.♣#....
###.....##.#..§§§..# #.# #.##....
♣♣#.....## #.N≈≈§..# #.#♣....


Turn 53833 on Snake:4: great enemy ♣≈≈≈≈?..♣...≈≈.≈§≈ ♣.≈≈≈...♣≈.≈≈.♣≈§≈
♣♣≈.(..≈≈........≈≈ ♣♣..≈...≈≈.......D≈≈ ♣.≈≈[.....≈....≈≈≈≈≈
♣?≈≈☼..≈..≈.≈≈.≈§≈≈≈ ♣§§Z○○≈≈..........≈≈ ♣○§☼☼☼≈≈§.♣♣♣....≈..
♣♣♣@☼☼☼☼t.≈♣♣...≈... ♣☼§§Z≈≈≈.......≈.≈. ♣♣☼9≈.♣........≈.≈. ♣☼○○♣♣..≈)≈......>.
♣..♣♣.≈..≈≈≈.≈≈(.≈≈ ♣.≈≈...≈≈≈≈≈≈≈≈≈.§≈≈ ♣.≈≈!.≈≈≈≈≈≈≈.≈≈...≈
♣.≈≈..!§≈≈≈≈≈≈≈≈.≈≈≈ ♣♣.....≈≈≈≈≈≈≈≈≈..≈≈ Turn 60603 on Swamp:1:
WHYYYYYYYYYYYYYYYYYYYYYYYYYYYYYYYYYYYYYYYYYYYYYYY

Levels and vault maps discovered:
D:1:      elethiomel_arrival_infinity_welcomes_careful_drivers, layout_basic,
          serial_shops, shop
D:2:      layout_loops_corners, uniq_sigmund, uniq_robin
D:3:      layout_basic, mainiacjoe_overflow_chevrons, gammafunk_ghost_arena,
          hellmonk_ecumenical_altar_watching_god,
          nicolae_concentric_dashed_squares_wild
D:4:      layout_rooms, minmay_misc_feat_encased
D:5:      layout_rooms, uniq_ijyb, uniq_edmund
D:6:      layout_cave_pods, uniq_grinder
D:7:      layout_cave_pools, worms_lemuel
D:8:      layout_basic, nicolae_ossuary_entry_catacombs, serial_shops,
          nicolae_shop_overgrown_old_shop
D:9:      layout_long_grid, st_stairs_1, chequers_guarded_unrand_ignorance
D:10:     layout_roguey, due_lair_maze_entry_diamond, serial_shops,
          shop_fountains
D:11:     layout_irregular_city, kennysheep_orc_monster_closet_entryway,
          serial_shops, shop, minmay_between, uniq_psyche
D:12:     minmay_bloctagon, layout_rooms, uniq_frances
D:13:     layout_roguey, david_vaults_5, enter_trove_1, uniq_urug, uniq_maurice
D:14:     kennysheep_blocky_hall, layout_gridville, serial_bayou_shore_a,
          uniq_josephine
D:15:     gammafunk_depths_entry_grave, layout_basic,
          nicolae_uskayaw_dance_hall, uniq_azrael
Temple:   grunt_wide_crystal_templ
Lair:1:   kb_forest_paths, layout_regular_city
Lair:2:   layout_loops_ring, gauntlet_entry_generic
Lair:3:   layout_chaotic_city, minmay_snake_entry_six_corridors
Lair:4:   layout_small_grid, nicolae_swamp_entry_splash_gauntlet, basic_altar
Lair:5:   wander_river, layout_loops_ring, slime_dummy,
          chequers_serial_rivers_micro_a, grunt_megastairs_5
Lair:6:   minmay_lair_end_frog_pond, layout_gridlike, serial_rivers,
          chequers_serial_rivers_micro_d, chequers_serial_rivers_room_a,
          chequers_serial_rivers_micro_c, chequers_serial_rivers_micro_d,
          chequers_serial_rivers_micro_e, portal_ice_cave_demonic_guard,
          chequers_serial_rivers_room_a, kilobyte_rumbling_trees,
          lemuel_fruit_tree
Swamp:1:  layout_basic_swamp, evilmike_swamp_ruin_rubble_2,
          nicolae_swamp_trees_clearing
Swamp:2:  layout_falls_marsh, hangedman_swamp_pad, swamp_pool4,
          cheibrodos_swamp_minitomb
Snake:1:  cheibrodos_snake_lava_hold, layout_concentric_octagons, serial_shops,
          shop, guppyfry_snake_island
Snake:2:  layout_cave_pods, grunt_ministairs_13, nicolae_snake_gridmaze_spiral
Snake:3:  nicolae_snakescales, layout_basic, serial_shops, shop
Snake:4:  grunt_snake_rune_pools, layout_basic, serial_shops, shop_statue,
          nicolae_shop_overcharged_wands, grunt_megastairs_3, minmay_shop_grove,
          uniq_nikola
Orc:1:    layout_caves, basic_altar
Orc:2:    st_orc_open, layout_diamond_mine, uniq_jorgrun

Skill      XL: |  1  2  3  4  5  6  7  8  9 10 11 12 13 14 15 16 17 |
---------------+----------------------------------------------------+-----
Fighting       | 1 2 3 4 6 7 8 10 11 12 13 | 13.0
Unarmed Combat | 2 3 4 6 7 8 10 11 13 | 13.0
Ice Magic      | 1 |  1.0
Dodging        | 4 5 6 8 10 13 15 | 15.1
Stealth        | 6 8 11 | 11.0
Hexes          | 5 6 8 11 14 | 14.6
Spellcasting   | 3 4 5 8 10 | 10.0
Invocations    | 3 5 |  5.0
Evocations     | 3 |  3.0
Summonings     | 3 6 9 12 14 | 14.0
Translocations | 2 6 |  6.0
Conjurations   | 13 11 | 13.3

Action                   |  1- 3 |  4- 6 |  7- 9 | 10-12 | 13-15 | 16-18 || total
-------------------------+-------+-------+-------+-------+-------+-------++-------
Melee: Unarmed           |    95 |    69 |   442 |   306 |   986 |   601 ||  2499
       Bite              |     5 |     8 |    63 |    22 |   177 |   113 ||   388
       Punch             |       |       |    22 |    20 |   103 |    65 ||   210
 Cast: Ensorcelled Hiber |    26 |    32 |    68 |   147 |   187 |    93 ||   553
       Confusing Touch   |       |       |    29 |     9 |    66 |    13 ||   117
       Tukima's Dance    |       |       |    19 |    15 |    23 |    95 ||   152
       Summon Mana Viper |       |       |       |     8 |    40 |   135 ||   183
       Summon Forest     |       |       |       |       |    16 |    91 ||   107
       Cause Fear        |       |       |       |       |       |    17 ||    17
       Spellforged Servi |       |       |       |       |       |     1 ||     1
Invok: Stomp             |       |       |       |     2 |       |       ||     2
       Line Pass         |       |       |       |       |     1 |       ||     1
Evoke: Wand              |       |       |       |       |    10 |    10 ||    20
       Condenser vane    |       |       |       |       |     2 |     2 ||     4
       Box of beasts     |       |       |       |       |       |     1 ||     1
  Use: Potion            |     1 |       |       |     6 |     8 |    14 ||    29
       Scroll            |       |     7 |     5 |     9 |    19 |     9 ||    49
 Stab: Sleeping          |    21 |    17 |    45 |    95 |   105 |    52 ||   335
       Confused          |       |       |    24 |     7 |    59 |    15 ||   105
       Distracted        |       |       |     3 |       |    17 |    14 ||    34
       Paralysed         |       |       |     7 |     6 |    25 |     5 ||    43
       Invisible         |       |       |       |       |     1 |       ||     1
Armor: Skin              |    10 |     3 |    10 |    28 |    35 |    12 ||    98
Dodge: Dodged            |    80 |    52 |   309 |   270 |  1157 |   797 ||  2665
Block: Other             |       |       |    63 |    70 |    97 |       ||   230
       Reflection        |       |       |       |     3 |       |       ||     3

Table legend: (Time is in decaauts)
 A = Elapsed time spent in this place.
 B = Non-inter-level travel time spent in this place.
 C = Inter-level travel time spent in this place.
 D = Time resting spent in this place.
 E = Time spent auto-exploring this place.
 F = Levels seen in this place.
 G = Mean time per level.
                   A        B        C        D        E       F      G
               +--------+--------+--------+--------+--------+-----+--------+
         Total |  55262 |  52953 |   2309 |  28888 |  11882 |  33 | 1674.6 |
       Dungeon |  22775 |  21815 |    960 |  10928 |   5811 |  15 | 1518.3 |
        Temple |     30 |     24 |      6 |      0 |     10 |   1 |   30.0 |
          Lair |  11039 |  10365 |    674 |   5128 |   2768 |   6 | 1839.8 |
         Swamp |    722 |    722 |      0 |    340 |    109 |   2 |  361.0 |
     Snake Pit |  16609 |  16223 |    386 |  10706 |   2460 |   4 | 4152.2 |
  Orcish Mines |   2329 |   2047 |    282 |    804 |    550 |   2 | 1164.5 |
       Ossuary |    351 |    351 |      0 |     50 |     76 |   1 |  351.0 |
      Ice Cave |   1271 |   1271 |      0 |    931 |      0 |   1 | 1271.0 |
      Gauntlet |    132 |    132 |      0 |      0 |     95 |   1 |  132.0 |
               +--------+--------+--------+--------+--------+-----+--------+

Top non-repeatable levels by time:
 Snake:4: 5531 daAuts
 Snake:2: 4256 daAuts
 Snake:3: 3802 daAuts
  Lair:4: 3547 daAuts
 Snake:1: 3019 daAuts
    D:14: 2812 daAuts
  Lair:3: 1847 daAuts
    D:10: 1806 daAuts
    D:12: 1801 daAuts
  Lair:6: 1795 daAuts
    D:11: 1772 daAuts
     D:1: 1710 daAuts
    D:13: 1706 daAuts
   Orc:2: 1666 daAuts
     D:2: 1592 daAuts
